 Dungeon Crawl Stone Soup version 0.32-a0-128-g77eb882913 (webtiles) character file.

Game seed: 3889929228564703053

229 pokeman the Magician (level 5, -5/29 HPs)
             Began as a Deep Elf Hedge Wizard on Feb 7, 2024.
             Was an Initiate of Vehumet.
             Slain by Grinder (6 damage)
             ... on level 5 of the Dungeon.
             The game lasted 00:08:31 (4789 turns).

pokeman the Magician (Deep Elf Hedge Wizard)        Turns: 4789, Time: 00:08:31

Health: -5/29      AC:  4    Str: 11    XL:     5   Next: 71%
Magic:  12/16      EV: 13    Int: 24    God:    Vehumet [......]
Gold:   230        SH:  0    Dex: 14    Spells: 4/17 levels left

rFire   + + +        a - +7 hammer "Buonn" {heavy, rF+++ rCorr Str+4 Int-3}
rCold   . . .        (no shield)
rNeg    . . .        b - +0 robe
rPois   .            n - +0 helmet
rElec   .            o - +0 cloak
rCorr   +            (no gloves)
SInv    .            (no boots)
Will    .....        (no amulet)
Stlth   ++           f - +6 ring of intelligence
HPRegen 0.24/turn    r - ring of resist corrosion
MPRegen 0.15/turn

%: no passive effects
@: no status effects
A: no striking features
a: Renounce Religion


You were on level 5 of the Dungeon.
You worshipped Vehumet.
Vehumet was noncommittal.
You visited 2 branches of the dungeon, and saw 6 of its levels.

You collected 230 gold pieces.

Inventory:

Hand Weapons
 a - the +7 hammer "Buonn" (weapon) {heavy, rF+++ rCorr Str+4 Int-3}
   (You found it on level 3 of the Dungeon)

   Str+4:     It affects your strength (+4).
   Int-3:     It affects your intelligence (-3).
   rF+++:     It renders you almost immune to fire.
   rCorr:     It protects you from acid and corrosion.
 s - a +4 quarterstaff of chaos
Missiles
 v - 2 throwing nets
Armour
 b - a +0 robe (worn)
 n - a +0 helmet (worn)
 o - a +0 cloak (worn)
Jewellery
 f - a +6 ring of intelligence (left hand)
 r - a ring of resist corrosion (right hand)
Scrolls
 c - 2 scrolls of vulnerability {unknown}
 g - a scroll of acquirement {unknown}
 j - 2 scrolls of enchant armour {unknown}
 p - a scroll of immolation {unknown}
 t - a scroll of identify {unknown}
Potions
 d - a potion of magic
 e - a potion of heal wounds {unknown}
 h - 3 potions of invisibility {unknown}
 i - 2 potions of brilliance {unknown}
 k - 2 potions of might {unknown}
 l - a potion of curing {unknown}
 m - 2 potions of haste {unknown}
 q - a potion of cancellation {unknown}
 u - a potion of mutation {unknown}


   Skills:
 - Level 1.0 Fighting
 - Level 1.1 Armour
 + Level 3.3 Dodging
 + Level 3.3 Stealth
 * Level 6.5 Spellcasting
 + Level 2.9 Conjurations
 - Level 1.1 Summonings
 - Level 1.1 Translocations


You had 4 spell levels left.
You knew the following spells:

 Your Spells              Type           Power      Damage    Failure   Level
a - Magic Dart            Conj           84%        1d7       2%          1
b - Mephitic Cloud        Conj/Alch/Air  12%        N/A       16%         3
c - Call Imp              Summ           26%        N/A       7%          2
d - Blink                 Tloc           26%        N/A       7%          2
e - Irradiate             Conj/Alch      7%         3d14      75%         5

Your spell library contained the following spells:

 Spells                   Type           Power      Damage    Failure   Level
 Slow                     Hex            28%        N/A       8%          1
 Cigotuvi's Dreadful Rot  Necr/Alch/Air  14%        N/A       12%         2
 Frozen Ramparts          Ice            14%        1d3       22%         3
 Inner Flame              Hex/Fire       7%         N/A       22%         3
 Leda's Liquefaction      Alch/Erth      3%         N/A       58%         4
 Petrify                  Alch/Erth      7%         N/A       58%         4
 Metabolic Englaciation   Hex/Ice        3%         N/A       91%         5
 Ignition                 Fire           3%         3d4       100%        8


Dungeon Overview and Level Annotations

Branches:
Dungeon (5/15)             Temple (1/1) D:4

Altars:
Fedhas
Gozag
Makhleb
Nemelex Xobeh
Okawaru
Qazlal
Ru
Sif Muna
Trog
Vehumet
Wu Jian
Xom
Yredelemnul
Zin
The Shining One

Annotations:
D:5 Grinder


Message History

Confirm with . or Enter, or press ? or * to list all spells.
Aiming: Magic Dart (safe; 2% risk of failure)
Press: ? - help, Shift-Dir - straight line, f/p - Grinder
Aim: Grinder (moderately wounded, ally target, 100% to hit)
The magic dart hits Grinder.
Grinder is moderately wounded.
Your cerulean imp closely misses Grinder.
Unknown command.
You barely miss Grinder.
Grinder is moderately wounded.
Your cerulean imp misses Grinder.
Grinder hits you but does no damage.
Your cerulean imp hits Grinder but does no damage.
Grinder gestures at you. You resist with significant effort.
Unknown command.
You barely miss Grinder.
Grinder is moderately wounded.
Your cerulean imp closely misses Grinder.
Grinder hits you.
You writhe in agony.
Your cerulean imp closely misses Grinder.
Grinder hits you.
You writhe in agony.
Unknown command.
You hit Grinder.
Grinder is moderately wounded.
Your cerulean imp hits Grinder from afar with a -3 spear.
Grinder barely misses you.
Your cerulean imp hits Grinder but does no damage.
Grinder hits you but does no damage.
Unknown command.
You thump Grinder!
Grinder is severely wounded.
Your cerulean imp hits Grinder from afar with a -3 spear.
Grinder hits you.
You writhe in agony.
* * * LOW HITPOINT WARNING * * *
Your cerulean imp hits Grinder from afar with a -3 spear.
Grinder hits you.
* * * LOW HITPOINT WARNING * * *
You writhe in agony.
You die...
Grinder says, "Hey, I wasn't done torturing you yet!"

...............#####.
.#####...............#
......####.....#####.#
#####.#
#.....#####.### #.
##.............. #.
...........5.....
..................
.....####..5...... #
..... #.@.$..... #
..... ####+####. # ..


You could see Grinder (ally target) and a friendly cerulean imp (summoned).

Vanquished Creatures
  Crazy Yiuf (D:3)
  An iguana (D:5)
  Robin (D:2)
  4 gnolls
  5 adders
  A ribbon worm (D:2)
  2 dart slugs
  An orc (D:4)
  5 endoplasms
  4 giant cockroaches
  9 goblins
  13 hobgoblins
  4 jackals
  2 quokkas
  4 ball pythons
  4 bats
  4 frilled lizards
  3 kobolds (D:2)
  4 rats
72 creatures vanquished.

Notes
Turn   | Place    | Note
-------+----------+-------------------------------------------
     0 | D:1      | pokeman the Deep Elf Hedge Wizard began the quest for the
                  | Orb.
     0 | D:1      | Reached XP level 1. HP: 10/10 MP: 7/7
   285 | D:1      | Reached XP level 2. HP: 16/16 MP: 2/9
   582 | D:1      | Reached skill level 5 in Spellcasting
   757 | D:1      | Reached XP level 3. HP: 20/20 MP: 9/11
   761 | D:1      | Learned a level 3 spell: Mephitic Cloud
   764 | D:1      | Learned a level 2 spell: Call Imp
   767 | D:1      | Learned a level 2 spell: Blink
  1392 | D:2      | Reached skill level 1 in Fighting
  1518 | D:2      | Reached skill level 1 in Armour
  1722 | D:2      | Found a shimmering altar of Xom.
  1862 | D:2      | Reached XP level 4. HP: 11/25 MP: 3/13
  2137 | D:2      | Noticed Robin
  2181 | D:2      | Killed Robin
  2669 | D:3      | You fall into a shaft and drop 1 floor!
  3315 | D:3      | Reached skill level 6 in Spellcasting
  3436 | D:3      | Found a runed translucent door.
  3437 | D:3      | Noticed Crazy Yiuf
  3458 | D:3      | Killed Crazy Yiuf
  3459 | D:3      | Reached XP level 5. HP: 29/29 MP: 7/15
  3475 | D:3      | Identified the +7 hammer "Buonn" {heavy, rF+++ rCorr Str+4
                  | Int-3}
  3519 | D:3      | Learned a level 5 spell: Irradiate
  3604 | D:4      | Found a staircase to the Ecumenical Temple.
  3611 | Temple   | Entered the Ecumenical Temple
  3618 | Temple   | Became a worshipper of Vehumet
  4483 | D:5      | Entered Level 5 of the Dungeon
  4530 | D:5      | HP: 1/29 [gnoll/+0 spear (3)]
  4773 | D:5      | Noticed Grinder
  4775 | D:5      | Paralysed by Grinder for 5 turns
  4789 | D:5      | HP: 1/29 [Grinder (4)]
  4789 | D:5      | Slain by Grinder

Illustrated notes

Levels and vault maps discovered:
D:1:      dpeg_chamrin_arrival_tetris, layout_loops_ring
D:2:      layout_loops_ring, basic_altar, minmay_cut_off, uniq_robin
D:3:      layout_loops_ring, uniq_crazy_yiuf_cottage
D:4:      layout_layer_cave, minmay_temple_entry_drinking_statues
D:5:      layout_basic, riverfiend_overflow_shadow_ancestor, uniq_grinder
Temple:   nicolae_temple_no_exploring_needed

Skill      XL: |  1  2  3  4 |
---------------+-------------+-----
Spellcasting   | 5 6 |  6.5
Conjurations   | 2 |  2.9
Fighting       | 1 |  1.0
Armour         | 1 |  1.1
Dodging        | 3 |  3.3
Stealth        | 3 |  3.3
Summonings     | |  1.1
Translocations | |  1.1

Action                     |  1- 3 |  4- 6 || total
---------------------------+-------+-------++-------
  Melee: Dagger            |    22 |    27 ||    49
         Punch             |     2 |     3 ||     5
         Mace              |       |    18 ||    18
   Cast: Magic Dart        |   104 |    69 ||   173
         Mephitic Cloud    |     2 |     9 ||    11
         Call Imp          |       |     2 ||     2
         Blink             |       |     1 ||     1
   Stab: Confused          |     2 |     2 ||     4
         Sleeping          |     1 |       ||     1
 Armour: Robe              |    24 |    29 ||    53
  Dodge: Dodged            |    17 |    23 ||    40

Table legend: (Time is in decaauts)
 A = Elapsed time spent in this place.
 B = Non-inter-level travel time spent in this place.
 C = Inter-level travel time spent in this place.
 D = Time resting spent in this place.
 E = Time spent auto-exploring this place.
 F = Levels seen in this place.
 G = Mean time per level.
                   A        B        C        D        E       F      G
               +--------+--------+--------+--------+--------+-----+--------+
         Total |   4806 |   4688 |    118 |    121 |   4014 |   6 |  801.0 |
       Dungeon |   4791 |   4679 |    112 |    121 |   4014 |   5 |  958.2 |
        Temple |     14 |      8 |      6 |      0 |      0 |   1 |   14.0 |
               +--------+--------+--------+--------+--------+-----+--------+

Top non-repeatable levels by time:
     D:1: 1374 daAuts
     D:2: 1181 daAuts
     D:4: 1028 daAuts
     D:3: 882 daAuts
     D:5: 324 daAuts
  Temple: 14 daAuts
